 Seeded DCSS version 0.28-a0-1567-g1695149f81 (webtiles) character file.

Game seed: 156 (custom seed)

67 knot the Chopper (level 3, -1/29 HPs)
             Began as a Demonspawn Berserker on Jan 19, 2022.
             Was a Follower of Trog.
             Slain by a gnoll (6 damage)
             ... on level 2 of the Dungeon.
             The game lasted 00:01:15 (1269 turns).

knot the Chopper (Demonspawn Berserker)             Turns: 1269, Time: 00:01:15

Health: -1/29      AC:  5    Str: 17    XL:     3   Next: 98%
Magic:  3/3        EV: 11    Int: 10    God:    Trog [*.....]
Gold:   97         SH:  0    Dex: 12    Spells: 2/2 levels left

rFire   . . .      SeeInvis .   a - +0 hand axe
rCold   . . .      Faith    .   (no shield)
rNeg    . . .      Spirit   .   f - +0 ring mail
rPois   .          Reflect  .   (no helmet)
rElec   .          Harm     .   (no cloak)
rCorr   .          Rampage  .   (no gloves)
Will    .....                   (no boots)
Stlth   +.........              (no amulet)
HPRegen 0.09/turn               (no ring)
MPRegen 0.08/turn               (no ring)

@: no status effects
A: sturdy frame 1
a: Renounce Religion, Berserk


You were on level 2 of the Dungeon.
You worshipped Trog.
Trog was aware of your devotion.
You visited 1 branch of the dungeon, and saw 2 of its levels.

You collected 97 gold pieces.

Inventory:

Hand Weapons
 a - a +0 hand axe (weapon)
Missiles
 e - 50 stones (quivered)
Armour
 f - a +0 ring mail (worn)
Scrolls
 c - a scroll of identify {unknown}
 d - a scroll of fear {unknown}
 g - a scroll of enchant armour {unknown}
 h - a scroll of teleportation {unknown}
 i - a scroll of brand weapon {unknown}
Potions
 b - 2 potions of attraction {unknown}


   Skills:
 - Level 3.0 Fighting
 * Level 4.0 Axes
 * Level 1.5 Throwing
 - Level 1.7 Armour
 - Level 1.7 Dodging


You had 2 spell levels left.
You didn't know any spells.
Your spell library contained the following spells:

 Spells                   Type           Power      Damage    Failure   Level
 Dazzling Flash           Conj/Hex       0%         N/A       83%         3
 Iskenderun's Mystic Bla  Conj/Tloc      0%         2d3       99%         4
 Starburst                Conj/Fire      0%         6d3       100%        6


Dungeon Overview and Level Annotations

Branches:
Dungeon (2/15)

Altars:

Shops:
D:1 !   D:2 :


Innate Abilities, Weirdness & Mutations

Your movements are slightly less encumbered by armour. (ER -2)


Message History

Key pressed, stopping explore.
No target in view!
There is a stone staircase leading up here.
A frilled lizard comes into view.
A goblin comes into view. It is wielding a +0 club.
The goblin shouts!
You hear a bark!
A gnoll comes into view. It is wielding a +0 club.
The gnoll shouts!
A gnoll comes into view. It is wielding a +2 halberd of flaming.
The gnoll shouts!
You hit the frilled lizard.
You kill the frilled lizard!
Trog accepts your kill.
A hound comes into view.
A gnoll comes into view. It is wielding a +0 spear.
You see here a frilled lizard corpse.
You closely miss the goblin.
The hound barks!
The goblin hits you but does no damage.
You slash the goblin!
You kill the goblin!
Trog accepts your kill. The gnoll barely misses you.
You see here a +0 club.
You closely miss the hound. The hound closely misses you.
The gnoll hits you from afar with a +2 halberd of flaming.
The gnoll burns you. The hound bites you but does no damage.
The gnoll closely misses you.
Okay, then.
You see here a frilled lizard corpse.
The hound bites you. The hound closely misses you.
The hound bites you but does no damage. The hound bites you.
There is a stone staircase leading up here.
The hound barely misses you.
The gnoll hits you from afar with a +2 halberd of flaming!
* * * LOW HITPOINT WARNING * * *
The gnoll burns you.
You die...

#.#.###.# #.#
#)...##.##
...###.#.###..#
....#.### ##.#
.....# #.# #.#...#
#.# # #.#...# #.# .
#.#...######.# #.
#.#.ggh@.....#
###.##.#.#.#####..#
.......#.#.# #..#
.......g.#.# #..#
.......†##.# #..#
..#.###g##.# #..# #
#.#... #..# ......
...# #..#...


You could see a hound and 2 gnolls.

Vanquished Creatures
  Terence (D:2)
  A gnoll (D:1)
  A dart slug (D:1)
  A bat (D:1)
  3 endoplasms (D:1)
  A giant cockroach (D:1)
  4 goblins
  2 hobgoblins
  6 jackals
  A ball python (D:1)
  3 frilled lizards
  2 rats
26 creatures vanquished.

Notes
Turn   | Place    | Note
-------+----------+-------------------------------------------
     0 | D:1      | knot the Demonspawn Berserker began the quest for the Orb.
     0 | D:1      | Reached XP level 1. HP: 18/18 MP: 1/1
   130 | D:1      | Reached skill level 3 in Axes
   138 | D:1      | Found Wyigosygh's Distillery.
   169 | D:1      | Gained mutation: Your movements are slightly less
                  | encumbered by armour. (ER -2) [demonic ancestry]
   169 | D:1      | Reached XP level 2. HP: 7/24 MP: 2/2
   547 | D:1      | Found a faded altar of an unknown god.
   820 | D:1      | Reached XP level 3. HP: 29/29 MP: 3/3
  1027 | D:2      | Found Duuckuh's Book Emporium.
  1091 | D:2      | Noticed Terence
  1098 | D:2      | Killed Terence
  1099 | D:2      | Reached skill level 4 in Axes
  1099 | D:2      | Reached skill level 1 in Throwing
  1269 | D:2      | Slain by a gnoll

Illustrated notes

Levels and vault maps discovered:
D:1:      ncdulo_watergridlock, layout_loops_ring, serial_shops, shop_statue,
          dilly_ecumenical_altar_fadedgnrine
D:2:      layout_loops_ring, serial_shops, shop, hangedman_decor_points,
          uniq_terence, uniq_natasha

Skill      XL: |  1  2  3 |
---------------+----------+-----
Axes           | 3 4 |  4.0
Throwing       | 1 |  1.5
Fighting       | |  3.0
Armour         | |  1.7
Dodging        | |  1.7

Action                   || total
-------------------------++-------
Melee: Hand axe          ||    63
Invok: Berserk           ||     2
 Stab: Sleeping          ||     1
Armor: Animal skin       ||     1
       Ring mail         ||    18
Dodge: Dodged            ||    45

Table legend: (Time is in decaauts)
 A = Elapsed time spent in this place.
 B = Non-inter-level travel time spent in this place.
 C = Inter-level travel time spent in this place.
 D = Time resting spent in this place.
 E = Time spent auto-exploring this place.
 F = Levels seen in this place.
 G = Mean time per level.
                   A        B        C        D        E       F      G
               +--------+--------+--------+--------+--------+-----+--------+
         Total |   1296 |   1279 |     17 |    282 |    811 |   2 |  648.0 |
       Dungeon |   1296 |   1279 |     17 |    282 |    811 |   2 |  648.0 |
               +--------+--------+--------+--------+--------+-----+--------+

Top non-repeatable levels by time:
     D:1: 1043 daAuts
     D:2: 252 daAuts
